 Dungeon Crawl Stone Soup version 0.22.0-38-g04b72b8 (webtiles) character file.

102 JeffiDaFish the Shield-Bearer (level 4, -4/29 HPs)
             Began as a Gargoyle Fighter on Aug 30, 2018.
             Killed by divine providence
             ... invoked by an orc priest
              (8 damage)
             ... on level 4 of the Dungeon.
             The game lasted 00:05:26 (2372 turns).

JeffiDaFish the Shield-Bearer (Gargoyle Fighter)    Turns: 2372, Time: 00:05:27

Health: -4/29      AC: 11    Str: 19 (21) XL:     4   Next: 78%
Magic:  4/4        EV:  7    Int:  6 (8)  God:
Gold:   127        SH:  9    Dex:  9      Spells: 3/3 levels left

rFire    . . .     SeeInvis .   a - +0 flail
rCold    + . .     Gourm    +   c - +0 shield
rNeg     + . .     Faith    .   b - +0 scale mail
rPois    ∞         Spirit   .   e - +0 helmet
rElec    +         Reflect  .   (no cloak)
rCorr    .         Harm     .   (no gloves)
MR       .....                  (no boots)
Stlth    ..........             k - amulet of the gourmand
HPRegen  0.09/turn              m - ring of protection from cold
MPRegen  0.09/turn              (no ring)

@: very slightly contaminated, invisible
A: negative energy resistance 1, electricity resistance, unbreathing,
petrification resistance, rot immunity, AC +3
a: no special abilities


You were on level 4 of the Dungeon.
You were completely stuffed.

You visited 1 branch of the dungeon, and saw 4 of its levels.

You collected 127 gold pieces.

Inventory:

Hand Weapons
 a - a +0 flail (weapon)
Armour
 b - a +0 scale mail (worn)
 c - a +0 shield (worn)
 e - a +0 helmet (worn)
Jewellery
 k - an amulet of the gourmand (around neck)
 m - a ring of protection from cold (left hand)
Scrolls
 i - a scroll of teleportation
Potions
 d - 2 potions of might
 j - 3 potions of flight
 l - a potion of haste
Comestibles
 f - 7 rations


   Skills:
 + Level 3.7 Fighting
 * Level 2.8 Maces & Flails
 * Level 3.9 Armour
 - Level 1.2 Dodging
 - Level 0.2 Stealth
 + Level 4.0 Shields


You had 3 spell levels left.
You didn't know any spells.
Your spell library was empty.

Dungeon Overview and Level Annotations

Branches:
Dungeon (4/15)
 Temple: D:4-7

Altars:
Dithmenos
Gozag
Vehumet

Shops:
D:3 *


Innate Abilities, Weirdness & Mutations

You are resistant to torment.
Your stone body is resilient. (AC +3)
You are immune to poison.
You resist negative energy. (rN+)
You are resistant to electric shocks. (rElec)
You can survive without breathing.
You are immune to petrification.
You are immune to rotting.


Message History

The orc wizard blinks!
The orc wizard moves out of view.
You barely miss the orc priest. You block the orc priest's attack.
You closely miss the orc priest.
The orc priest invokes the aid of Beogh against you.
Beogh smites you!
You completely miss the orc priest. The orc priest barely misses you.
You hit the orc priest.
The orc priest is moderately wounded.
The orc priest calls down the wrath of Beogh upon you.
Beogh smites you!
* * * LOW HITPOINT WARNING * * *
The orc priest calls down the wrath of Beogh upon you.
Pain shoots through your body!
* * * LOW HITPOINT WARNING * * *
You fade into invisibility!
You block the orc priest's attack.
You are very lightly contaminated with residual magic.
The orc priest calls down the wrath of Beogh upon you.
Beogh smites you!
You die...

##########
#####<..)....#
...##.######.#
...##.# #.#
......#
#.#####
......#
#.....#
.....##
#####@# ...###
#.# ...# #.#
#(## #.# #.#
#.# #.# #o#
#.# #o# #..
#o# ### #.#


You could see 2 orc priests and an orc wizard.

Vanquished Creatures
  Robin (D:3)
  An adder (D:2)
  An ooze (D:2)
  2 worms (D:2)
  3 dart slugs
  2 leopard geckos
  An orc (D:4)
  5 bats
  15 goblins
  12 hobgoblins
  A quokka (D:2)
  A ball python (D:3)
  4 frilled lizards
  6 kobolds
  6 rats
61 creatures vanquished.

Notes
Turn   | Place    | Note
-------+----------+-------------------------------------------
     0 | D:1      | JeffiDaFish the Gargoyle Fighter began the quest for the Orb.
     0 | D:1      | Reached XP level 1. HP: 14/14 MP: 1/1
   333 | D:1      | Reached XP level 2. HP: 19/19 MP: 2/2
   659 | D:1      | Reached XP level 3. HP: 22/23 MP: 3/3
  1055 | D:2      | Reached skill level 1 in Dodging
  1200 | D:2      | Reached XP level 4. HP: 28/28 MP: 4/4
  1519 | D:3      | Found a radiant altar of Vehumet.
  1597 | D:3      | Found an opulent altar of Gozag.
  1602 | D:3      | Found Gozag's Platinum Reserve.
  1667 | D:3      | Noticed Robin
  1700 | D:2      | Reached skill level 4 in Shields
  1806 | D:3      | Killed Robin
  2164 | D:3      | Found a shadowy altar of Dithmenos.
  2372 | D:4      | Killed from afar by an orc priest

Skill      XL: |  1  2  3  4 |
---------------+-------------+-----
Dodging        | 1 |  1.2
Shields        | 4 |  4.0
Fighting       | |  3.7
Maces & Flails | |  2.8
Armour         | |  3.9
Stealth        | |  0.2

Action                   |  1- 3 |  4- 6 || total
-------------------------+-------+-------++-------
Melee: Flail             |   176 |    93 ||   269
  Use: Scroll            |     6 |     2 ||     8
       Potion            |     4 |     2 ||     6
  Eat: Chunk             |    20 |     4 ||    24
Armor: Scale mail        |    98 |    62 ||   160
Dodge: Dodged            |    76 |    46 ||   122
Block: Shield            |   111 |    64 ||   175
